 Dungeon Crawl Stone Soup version 0.27-a0-1500-g450c7e4133 (webtiles) character file.

Game seed: 14157391793679121930

134 Spaninq the Gusty (level 5, 0/30 HPs)
             Began as a Tengu Air Elementalist on July 7, 2021.
             Was an Initiate of Vehumet.
             Slain by an ogre (21 damage)
             ... on level 4 of the Dungeon.
             The game lasted 00:19:49 (3287 turns).

Spaninq the Gusty (Tengu Air Elementalist)          Turns: 3287, Time: 00:19:51

Health: 0/30       AC:  6    Str:  8    XL:     5   Next: 17%
Magic:  8/11       EV: 14    Int: 16    God:    Vehumet [......]
Gold:   108        SH:  0    Dex: 15    Spells: 9/10 levels left

rFire    . . .     SeeInvis .   i - +0 spear (vorpal)
rCold    . . .     Faith    .   (no shield)
rNeg     . . .     Spirit   .   a - +0 robe
rPois    .         Reflect  .   (helmet restricted)
rElec    .         Harm     .   (no cloak)
rCorr    .         Rampage  .   (no gloves)
Will     .....                  (boots unavailable)
Stlth    ++........             (no amulet)
HPRegen  0.10/turn              h - ring of flight
MPRegen  0.12/turn              g - +4 ring of protection

@: flying quickly and evasively, quick
A: beak, talons 3, nimble flight
a: Renounce Religion


You were on level 4 of the Dungeon.
You worshipped Vehumet.
Vehumet was noncommittal.
You visited 2 branches of the dungeon, and saw 5 of its levels.

You collected 108 gold pieces.

Inventory:

Hand Weapons
 i - a +0 vorpal spear (weapon)
Armour
 a - a +0 robe (worn)
Jewellery
 g - a +4 ring of protection (right hand)
 h - a ring of flight (left hand)
Wands
 c - a wand of iceblast (13)
Scrolls
 f - a scroll of identify
Potions
 b - a potion of ambrosia
 d - 2 potions of berserk rage
 e - 2 potions of degeneration {unknown}
 j - a potion of flight {unknown}
 k - a potion of curing {unknown}
 l - a potion of attraction {unknown}


   Skills:
 + Level 1.9 Fighting
 - Level 2.1 Dodging
 - Level 2.0 Stealth
 * Level 3.3 Spellcasting
 + Level 3.0 Conjurations
 + Level 4.9 Air Magic


You had 9 spell levels left.
You knew the following spells:

 Your Spells              Type           Power      Damage    Failure   Level
a - Shock                 Conj/Air       60%        1d6       3%          1

Your spell library contained the following spells:

 Spells                   Type           Power      Damage    Failure   Level
 Static Discharge         Conj/Air       15%        N/A       5%          2
 Swiftness                Air            18%        N/A       8%          3
 Corpse Rot               Necr/Air       N/A        N/A       10%         2
 Sting                    Tmut/Pois      8%         1d3       19%         1
 Summon Small Mammal      Summ           8%         N/A       19%         1
 Airstrike                Air            9%         N/A       24%         4
 Call Canine Familiar     Summ           2%         N/A       47%         3
 Summon Guardian Golem    Hex/Summ       2%         N/A       47%         3
 Ice Form                 Ice/Tmut       2%         N/A       87%         4
 Irradiate                Conj/Tmut      3%         3d14      95%         5
 Blade Hands              Tmut           1%         N/A       99%         5
 Dragon Form              Tmut           1%         N/A       100%        7
 Chain Lightning          Conj/Air       7%         3d10      100%        9


Dungeon Overview and Level Annotations

Branches:
Dungeon (4/15)             Temple (1/1) D:4

Altars:
Ashenzari
Cheibriados
Dithmenos
Fedhas
Gozag
Hepliaklqana
Kikubaaqudgha
Makhleb
Nemelex Xobeh
Okawaru
Qazlal
Ru
Sif Muna
Trog
Uskayaw
Vehumet
Xom
Yredelemnul
Zin
The Shining One

Shops:
D:4 *

Annotations:
D:4 Purgy


Innate Abilities, Weirdness & Mutations

You have a beak for a mouth.
You have claws for feet.
Your magical nature lets you fly swiftly and evasively.


Message History

Found a potion of berserk rage.
There is an open door here.
Casting: Shock (safe; 3% risk of failure)
Confirm with . or Enter, or press ? or * to list all spells.
Aiming: Shock (safe; 3% risk of failure)
Press: ? - help, Shift-Dir - straight line, f - ogre
Aim: an ogre, wielding a +0 giant spiked club (86% to hit)
The zap hits the ogre.
The ogre is lightly wounded.
Casting: Shock (safe; 3% risk of failure)
Confirm with . or Enter, or press ? or * to list all spells.
Aiming: Shock (safe; 3% risk of failure)
Press: ? - help, Shift-Dir - straight line, f/p - ogre
Aim: an ogre, wielding a +0 giant spiked club (86% to hit)
The zap hits the ogre.
The ogre is lightly wounded.
Casting: Shock (safe; 3% risk of failure)
Confirm with . or Enter, or press ? or * to list all spells.
Aiming: Shock (safe; 3% risk of failure)
Press: ? - help, Shift-Dir - straight line, f/p - ogre
Aim: an ogre, wielding a +0 giant spiked club (lightly wounded, 86% to hit)
The zap hits the ogre.
The ogre is lightly wounded.
Casting: Shock (safe; 3% risk of failure)
Confirm with . or Enter, or press ? or * to list all spells.
Aiming: Shock (safe; 3% risk of failure)
Press: ? - help, Shift-Dir - straight line, f/p - ogre
Aim: an ogre, wielding a +0 giant spiked club (lightly wounded, 86% to hit)
The zap hits the ogre.
The ogre is lightly wounded.
The ogre hits you with a +0 giant spiked club!
Casting: Shock (safe; 3% risk of failure)
Confirm with . or Enter, or press ? or * to list all spells.
Aiming: Shock (safe; 3% risk of failure)
Press: ? - help, Shift-Dir - straight line, f/p - ogre
Aim: an ogre, wielding a +0 giant spiked club (lightly wounded, 86% to hit)
The zap misses the ogre.
The ogre hits you with a +0 giant spiked club!!
Ouch! That really hurt!
You die...

#....##########
#....#........# #
#....#........####
#....#...........'
#....#.........###
#....#.........#..
####....#.........#.#
#..O@...'.........#.#
#.##....#.........#.#
#.#######.........#.#
#O# ####...##.#.# #.#
#############.# #.#
!...... ..#
#.####......# #
#.#..'......# #.#
#.#.##......# #..


You could see an ogre.

Vanquished Creatures
  An iguana (D:4)
  2 adders
  2 worms (D:4)
  4 dart slugs
  2 orcs
  3 bats
  9 endoplasms
  8 giant cockroaches
  5 goblins
  7 hobgoblins
  4 kobolds
  3 quokkas
  7 ball pythons
  A frilled lizard (D:2)
  5 rats
63 creatures vanquished.

Notes
Turn   | Place    | Note
-------+----------+-------------------------------------------
     0 | D:1      | Spaninq the Tengu Air Elementalist began the quest for the
                  | Orb.
     0 | D:1      | Reached XP level 1. HP: 10/10 MP: 4/4
   224 | D:1      | Reached XP level 2. HP: 15/16 MP: 0/6
   687 | D:1      | Found a faded altar of an unknown god.
   734 | D:1      | Reached XP level 3. HP: 20/20 MP: 4/7
   915 | D:2      | Reached skill level 1 in Fighting
  1451 | D:2      | Reached XP level 4. HP: 25/25 MP: 6/9
  1763 | D:3      | Identified a scroll of acquirement
  1763 | D:3      | Acquired the Catalogue of Cloudy Moulding
  2315 | D:4      | Noticed an ogre
  2379 | D:4      | Found Yrcheagu's Overcharged Wands.
  2475 | D:4      | Noticed Purgy
  2701 | D:4      | Gained mutation: Your magical nature lets you fly swiftly
                  | and evasively. [Tengu growth]
  2701 | D:4      | Reached XP level 5. HP: 23/30 MP: 2/11
  2899 | D:4      | Found a staircase to the Ecumenical Temple.
  2909 | Temple   | Entered the Ecumenical Temple
  3042 | Temple   | Became a worshipper of Vehumet
  3138 | D:4      | Found a glowing silver altar of Zin.
  3181 | D:4      | Found a bloodstained altar of Trog.
  3287 | D:4      | Slain by an ogre

Illustrated notes

Levels and vault maps discovered:
D:1:      roderic_dead_forest, layout_rooms,
          hellmonk_ecumenical_altar_slurped_away
D:2:      layout_rooms, corexii_hall_statues_l
D:3:      layout_rooms
D:4:      layout_basic, mainiacjoe_overflow_catch_the_wave,
          minmay_temple_entry_glass, corexii_corridor_pit, grunt_ministairs_11,
          nicolae_shop_overcharged_wands, uniq_purgy
Temple:   hc_temple_tempest_star

Skill      XL: |  1  2  3  4  5 |
---------------+----------------+-----
Conjurations   | 2 3 |  3.0
Fighting       | 1 |  1.9
Spellcasting   | 3 |  3.3
Dodging        | |  2.1
Stealth        | |  2.0
Air Magic      | |  4.9

Action                   |  1- 3 |  4- 6 || total
-------------------------+-------+-------++-------
Melee: Unarmed           |     1 |       ||     1
       Kick              |     1 |       ||     1
       Spear             |       |     9 ||     9
       Peck              |       |     1 ||     1
 Cast: Shock             |    78 |    70 ||   148
  Use: Scroll            |       |     7 ||     7
Armor: Robe              |     3 |     6 ||     9
Dodge: Dodged            |    15 |    15 ||    30

Table legend: (Time is in decaauts)
 A = Elapsed time spent in this place.
 B = Non-inter-level travel time spent in this place.
 C = Inter-level travel time spent in this place.
 D = Time resting spent in this place.
 E = Time spent auto-exploring this place.
 F = Levels seen in this place.
 G = Mean time per level.
                   A        B        C        D        E       F      G
               +--------+--------+--------+--------+--------+-----+--------+
         Total |   3245 |   3156 |     89 |    540 |   2015 |   5 |  649.0 |
       Dungeon |   3113 |   3033 |     80 |    540 |   1916 |   4 |  778.2 |
        Temple |    131 |    122 |      9 |      0 |     99 |   1 |  131.0 |
               +--------+--------+--------+--------+--------+-----+--------+

Top non-repeatable levels by time:
     D:2: 874 daAuts
     D:1: 874 daAuts
     D:4: 799 daAuts
     D:3: 565 daAuts
  Temple: 131 daAuts
